 Dungeon Crawl Stone Soup version 0.29.1-13-g9f3cf754e1 (webtiles) character file.

Game seed: 2653889272877972625

198 raph the Ruffian (level 5, -1/45 HPs)
             Began as a Draconian Transmuter on Jan 28, 2023.
             Was an Initiate of Wu Jian.
             Slain by a killer bee (6 damage)
             ... on level 4 of the Dungeon.
             The game lasted 00:05:38 (3402 turns).

raph the Ruffian (Draconian Transmuter)             Turns: 3402, Time: 00:05:39

Health: -1/45      AC:  5    Str: 12    XL:     5   Next: 47%
Magic:  6/9        EV: 12    Int: 16    God:    Wu Jian [......]
Gold:   33         SH:  0    Dex: 11    Spells: 1/9 levels left

rFire   . . .      SeeInvis .     - Unarmed
rCold   . . .      Faith    .   f - orb {light}
rNeg    . . .      Spirit   .   (body armour unavailable)
rPois   +          Reflect  .   (helmet currently unavailable)
rElec   .          Harm     .   (no cloak)
rCorr   .          Rampage  .   (no gloves)
Will    .....                   (boots currently unavailable)
Stlth   +.........              (no amulet)
HPRegen 0.15/turn               b - ring of poison resistance
MPRegen 0.11/turn               (no ring)

@: appendages, wereblooded, glowing
A: horns 2, talons 2, AC +5, unfitting armour, cold-blooded
a: End Transformation, Renounce Religion


You were on level 4 of the Dungeon.
You worshipped Wu Jian.
Wu Jian was noncommittal.
You had temporarily grown beastly horns and talons.
You visited 1 branch of the dungeon, and saw 4 of its levels.

You collected 163 gold pieces.
You spent 130 gold pieces at shops.

Inventory:

Missiles
 g - 5 poisoned darts
Armour
 f - an orb of light (worn)
Jewellery
 b - a ring of poison resistance (left hand)
Scrolls
 c - 3 scrolls of fear
 j - 2 scrolls of identify
 l - a scroll of vulnerability
 m - 2 scrolls of blinking
 o - 2 scrolls of teleportation {unknown}
 p - a scroll of enchant weapon
 q - 2 scrolls of butterflies
Potions
 a - a potion of lignification
 d - a potion of attraction {unknown}
 e - 5 potions of curing
 h - 2 potions of haste
 i - a potion of heal wounds {unknown}
 k - 2 potions of mutation
 n - a potion of invisibility {unknown}


   Skills:
 + Level 3.0 Fighting
 - Level 1.7 Dodging
 + Level 4.1 Unarmed Combat
 + Level 2.8 Spellcasting
 + Level 3.5 Transmutations


You had one spell level left.
You knew the following spells:

 Your Spells              Type           Power      Damage    Failure   Level
a - Beastly Appendage     Tmut           26%        N/A       4%          1
b - Wereblood             Tmut           13%        N/A       7%          2
c - Spider Form           Tmut/Pois      7%         N/A       28%         3
d - Passwall              Tmut/Erth      5%         N/A       14%         2

Your spell library contained the following spells:

 Spells                   Type           Power      Damage    Failure   Level
 Sandblast                Erth           4%         2d4       19%         1
 Ensorcelled Hibernation  Hex/Ice        4%         N/A       28%         2
 Stone Arrow              Conj/Erth      4%         3d7       50%         3
 Ice Form                 Ice/Tmut       7%         N/A       67%         4
 Anguish                  Hex/Necr       1%         N/A       88%         4
 Lehudib's Crystal Spear  Conj/Erth      1%         10d2      100%        8
 Animate Armour           Summ/Erth      Unusable   N/A       N/A         4

Dungeon Overview and Level Annotations

Branches:
Dungeon (4/15)
 Temple: D:4-7

Altars:
Hepliaklqana
Wu Jian

Shops:
D:2 !


Innate Abilities, Weirdness & Mutations

You have temporarily grown beastly horns and talons.
Your plain brown scales are hard. (AC +5)
You cannot fit into any form of body armour.
You are cold-blooded and may be slowed by cold attacks.


Message History

A killer bee comes into view.
You closely miss the killer bee.
You headbutt the killer bee, but do no damage.
The killer bee is severely wounded.
A killer bee comes into view.
The killer bee stings you but does no damage.
The killer bee stings you.
The killer bee buzzes angrily.
You hit the killer bee.
You feel a bit better.
You kill the killer bee!
The Council accepts your kill. The killer bee barely misses you.
Your Fighting skill increases to level 3!
You completely miss the killer bee. Your kick misses the killer bee.
The killer bee stings you. x2
You hit the killer bee but do no damage.
The killer bee closely misses you. The killer bee stings you. x2
You are too injured to fight recklessly!
You are too injured to fight recklessly!
You are too injured to fight recklessly!
You are too injured to fight recklessly!
You are too injured to fight recklessly!
You are too injured to fight recklessly!
You are too injured to fight recklessly!
You are too injured to fight recklessly!
The killer bee barely misses you. The killer bee stings you.
The killer bee barely misses you. The killer bee stings you.
You are too injured to fight recklessly!
The killer bee attacks as you move away!
The killer bee stings you but does no damage. x2
The killer bee stings you.
* * * LOW HITPOINT WARNING * * *
The killer bee barely misses you. x2; The killer bee misses you.
The killer bee stings you.
* * * LOW HITPOINT WARNING * * *
The killer bee attacks as you move away!
The killer bee stings you.
* * * LOW HITPOINT WARNING * * *
The killer bee barely misses you. The killer bee stings you.
You die...

.... #.......##.>.... ...
### #......###..#..#
.##..##.####..#..##...#...
.....!...##......#....##..
........###.......##....
......# #...........#.
##†##.###......#......
#..y#.##..#..##.......
......#..#@...##..##.......
.#....#..yy...#........#...
#...PP.Py....#.....#......
.....P...........##.####...
.......P.......#.##.. #...
......._.......####..# ....
.P.P.§..P§.P..#
.....P>§§.P..##
..P#...PPP##.


You could see 3 killer bees.

Vanquished Creatures
  A scorpion (D:4)
  A killer bee (D:4)
  4 adders
  2 dart slugs
  6 endoplasms
  4 goblins
  8 hobgoblins
  5 kobolds
  7 ball pythons
  6 bats
  5 frilled lizards
  8 rats
57 creatures vanquished.

Vanquished Creatures (others)
  A plant (D:4)
1 creature vanquished.

Grand Total: 58 creatures vanquished

Notes
Turn   | Place    | Note
-------+----------+-------------------------------------------
     0 | D:1      | raph the Draconian Transmuter began the quest for the Orb.
     0 | D:1      | Reached XP level 1. HP: 16/16 MP: 3/3
   166 | D:1      | Reached XP level 2. HP: 21/23 MP: 1/5
   222 | D:1      | Learned a level 2 spell: Wereblood
   411 | D:1      | You fall into a shaft and drop 1 floor!
  1208 | D:2      | Reached XP level 3. HP: 29/29 MP: 4/6
  1212 | D:2      | Learned a level 3 spell: Spider Form
  1390 | D:2      | Found Deonahiw's Distillery.
  1963 | D:3      | Found an ornate altar of the Wu Jian Council.
  1993 | D:3      | Became a worshipper of the Wu Jian Council
  2266 | D:3      | Reached XP level 4. HP: 36/36 MP: 5/7
  2757 | D:2      | Bought a potion of haste for 130 gold pieces
  3083 | D:4      | Identified the +7 short sword "Unolul" {elec, rElec rC+
                  | Str-5 Stlth+}
  3095 | D:4      | Noticed a scorpion
  3106 | D:4      | Killed a scorpion
  3107 | D:4      | Reached XP level 5. HP: 25/44 MP: 6/8
  3255 | D:4      | Learned a level 2 spell: Passwall
  3326 | D:4      | Reached skill level 4 in Unarmed Combat
  3377 | D:4      | Found a hazy altar of Hepliaklqana.
  3402 | D:4      | Slain by a killer bee

Illustrated notes

Levels and vault maps discovered:
D:1:      onia_arrival_mini_spirals, layout_basic
D:2:      layout_loops_ring, serial_shops, nicolae_diamond_shop, fountainhead,
          minmay_fractal_squares_gapless_5
D:3:      layout_basic, nicolae_wu_jian_wuxing_cycle
D:4:      layout_cave_pools, nicolae_tso_swordbearing_angel,
          nicolae_hepliaklqana_hazy_memory, hex_large, nicolae_shop_fire_sale
          [nicolae_sub_dead_trees], minmay_misc_feat_pillars,
          kennysheep_another_room, nrook_loot_triangle, nrook_mini_vaults

Skill      XL: |  1  2  3  4  5 |
---------------+----------------+-----
Fighting       | 2 3 |  3.0
Transmutations | 3 |  3.5
Unarmed Combat | 4 |  4.1
Dodging        | |  1.7
Spellcasting   | |  2.8

Action                   |  1- 3 |  4- 6 || total
-------------------------+-------+-------++-------
Melee: Unarmed           |    95 |    34 ||   129
       Kick              |    13 |    10 ||    23
       Tailslap          |     7 |     2 ||     9
       Headbutt          |     7 |     7 ||    14
 Cast: Beastly Appendage |    21 |     5 ||    26
       Wereblood         |     1 |     1 ||     2
Invok: Lunge             |     1 |     1 ||     2
  Use: Scroll            |     7 |     3 ||    10
Armor: Skin              |    29 |    11 ||    40
Dodge: Dodged            |    67 |    23 ||    90
